 Dungeon Crawl Stone Soup version 0.25-a0-589-g1e14c549ee (webtiles) character file.

Game seed: 2969353225520374299, levelgen mode: deterministic

35 Lentor the Skirmisher (level 3, -2/29 HPs)
             Began as a Demonspawn Fighter on Mar 10, 2020.
             Killed from afar by Sigmund (12 damage)
             ... with a puff of flame
             ... on level 2 of the Dungeon.
             The game lasted 00:02:22 (1645 turns).

Lentor the Skirmisher (Demonspawn Fighter)          Turns: 1645, Time: 00:02:23

Health: -2/29      AC:  7    Str: 17    XL:     3   Next: 16%
Magic:  3/3        EV:  7    Int:  9    God:
Gold:   66         SH:  0    Dex: 12    Spells: 2/2 levels left

rFire    . . .     SeeInvis .   a - +0 flail
rCold    . . .     Gourm    .   c - +0 kite shield
rNeg     . . .     Faith    .   b - +0 scale mail
rPois    .         Spirit   .   (no helmet)
rElec    .         Reflect  .   (no cloak)
rCorr    .         Harm     .   (no gloves)
MR       .....                  i - +0 pair of boots
Stlth    ..........             (no amulet)
HPRegen  0.09/turn              (no ring)
MPRegen  0.08/turn              (no ring)

@: confused, mighty
A: nightstalker 1
a: no special abilities


You were on level 2 of the Dungeon.
You were not hungry.

You visited 1 branch of the dungeon, and saw 2 of its levels.

You collected 66 gold pieces.

Inventory:

Hand Weapons
 a - a +0 flail (weapon)
Armour
 b - a +0 scale mail (worn)
 c - a +0 kite shield (worn)
 i - a +0 pair of boots (worn)
Scrolls
 e - 2 scrolls of teleportation {unknown}
 g - 3 scrolls of identify {unknown}
 j - a scroll of fog {unknown}
Potions
 h - a potion of experience {unknown}
Comestibles
 f - 5 rations


   Skills:
 + Level 3.2 Fighting
 * Level 2.2 Maces & Flails
 + Level 3.0 Armour
 + Level 0.1 Dodging
 + Level 0.1 Stealth
 + Level 3.1 Shields


You had 2 spell levels left.
You didn't know any spells.
Your spell library was empty.

Dungeon Overview and Level Annotations

Branches:
Dungeon (2/15)

Altars:

Annotations:
D:2 Sigmund


Innate Abilities, Weirdness & Mutations

You are slightly more attuned to the shadows.


Message History

Sigmund hits you with a cursed +0 scythe.
You barely miss Sigmund.
Sigmund is moderately wounded.
Sigmund mumbles some strange words.
Sigmund flickers and vanishes!
Deactivating autopickup; reactivate with Ctrl-A.
You sock something!
The goblin shoots a stone.
The stone hits you.
You hear some strange, mumbled words.
You are confused.
The goblin shoots a stone.
The stone hits you but does no damage.
You bump into the rock wall.
Something hits you!
You closely miss something.
You hear some strange, mumbled words.
You are more confused.
The goblin shoots a stone.
The stone hits you.
You closely miss something.
You hear some strange, mumbled words.
A puff of flame appears from out of thin air!
The puff of flame hits you!
You die...

#. #.# #.# #.# #.#
##.######
#####...g...(
######.[.#g...#...
#@{g...(.....#####
######.(.......###
####.##.###.#
#.#...#...
#...#..(#.
#..###.###
#....###..
#..###.###
#...#...#รท


You could see a goblin.

Vanquished Creatures
  A worm (D:2)
  2 dart slugs
  A leopard gecko (D:2)
  5 goblins (D:1)
  4 hobgoblins
  3 jackals (D:2)
  A kobold (D:1)
  2 bats
  3 frilled lizards
  2 rats (D:1)
24 creatures vanquished.

Notes
Turn   | Place    | Note
-------+----------+-------------------------------------------
     0 | D:1      | Lentor the Demonspawn Fighter began the quest for the Orb.
     0 | D:1      | Reached XP level 1. HP: 18/18 MP: 1/1
   377 | D:1      | Gained mutation: You are slightly more attuned to the
                  | shadows. [demonic ancestry]
   377 | D:1      | Reached XP level 2. HP: 24/24 MP: 2/2
  1418 | D:2      | Reached XP level 3. HP: 21/29 MP: 3/3
  1447 | D:2      | Noticed Sigmund
  1645 | D:2      | Killed from afar by Sigmund

Levels and vault maps discovered:
D:1:      beargit_arrival_greenhouse, layout_basic
D:2:      layout_basic, elyvilon_altar_5, minmay_between, uniq_sigmund,
          uniq_terence

Skill      XL: |  1  2 |
---------------+-------+-----
Maces & Flails | 2 |  2.2
Shields        | 3 |  3.1
Armour         | 3 |  3.0
Fighting       | |  3.2
Dodging        | |  0.1
Stealth        | |  0.1

Action                   || total
-------------------------++-------
Melee: Flail             ||    96
  Use: Potion            ||     1
 Stab: Sleeping          ||     1
  Eat: Chunk             ||     2
Armor: Scale mail        ||    48
Dodge: Dodged            ||    39
Block: Kite shield       ||    50

Table legend:
 A = Non-vault XP
 B = Vault XP
 C = Vault XP percentage of total XP
 D = Non-vault monster count
 E = Vault monster count
 F = Vault count percentage of total count
                 A         B        C        D         E       F
            +---------+---------+-------+---------+---------+-------
      Total |      39 |      11 |  22.0 |      19 |       5 |  20.8
            +---------+---------+-------+---------+---------+-------
        D:1 |      27 |       0 |   0.0 |      15 |       0 |   0.0
        D:2 |      12 |      11 |  47.8 |       4 |       5 |  55.6
            +---------+---------+-------+---------+---------+-------
